 Seeded DCSS version 0.28.0-56-g4927b6849a (webtiles) character file.

Game seed: 20230888 (custom seed)

352 Mickster the Cutter (level 6, 0/48 HPs)
             Began as a Vampire Monk on Feb 8, 2023.
             Slain by a wyvern skeleton (10 damage)
             ... on level 5 of the Dungeon on Feb 11, 2023.
             The game lasted 00:37:51 (2712 turns).

Mickster the Cutter (Vampire Monk)                  Turns: 2712, Time: 00:37:52

Health: 0/48       AC:  8    Str: 18    XL:     6   Next: 34%
Magic:  6/6        EV:  8    Int: 13    God:
Gold:   108        SH:  0    Dex: 16    Spells: 5/5 levels left

rFire   . . .      SeeInvis +   l - +1 dagger (venom)
rCold   . . .      Faith    .   (no shield)
rNeg    . . .      Spirit   .   m - +0 chain mail
rPois   .          Reflect  .   (no helmet)
rElec   .          Harm     .   (no cloak)
rCorr   .          Rampage  .   (no gloves)
Will    .....                   (no boots)
Stlth   ..........              (no amulet)
HPRegen 0.36/turn               s - +6 ring of strength
MPRegen 0.10/turn               (no ring)

@: healing quickly
A: alive, fangs 3, see invisible, vampiric 2
a: Exsanguinate


You were on level 5 of the Dungeon.
You visited 1 branch of the dungeon, and saw 5 of its levels.

You collected 178 gold pieces.
You spent 70 gold pieces at shops.

Inventory:

Hand Weapons
 i - a +0 shortbow
 l - a +1 dagger of venom (weapon)
 o - a +0 long sword
 t - a +0 hunting sling
 v - a +0 falchion
Missiles
 d - 111 stones
 h - 3 curare-tipped darts
 j - 55 arrows
 p - 6 boomerangs
 q - 3 boomerangs of dispersal (quivered)
 u - 2 poisoned darts
Armour
 g - a +0 ring mail
 m - a +0 chain mail (worn)
Jewellery
 e - an amulet of reflection
 s - a +6 ring of strength (left hand)
Wands
 n - a wand of charming (6)
Scrolls
 c - a scroll of teleportation
 r - 5 scrolls of identify


   Skills:
 + Level 3.6 Fighting
 + Level 5.2 Short Blades
 + Level 0.4 Throwing
 + Level 2.3 Armour
 + Level 4.2 Dodging
 + Level 4.2 Stealth


You had 5 spell levels left.
You didn't know any spells.
Your spell library contained the following spells:

 Spells                   Type           Power      Damage    Failure   Level
 Gell's Gravitas          Tloc           0%         N/A       100%        3
 Lesser Beckoning         Tloc           0%         N/A       100%        3
 Teleport Other           Tloc           0%         N/A       100%        3


Dungeon Overview and Level Annotations

Branches:
Dungeon (5/15)
 Temple: D:4-7

Altars:
Elyvilon
Gozag
Kikubaaqudgha

Shops:
D:3 (


Innate Abilities, Weirdness & Mutations

Your natural rate of healing is accelerated.
You have razor-sharp teeth.
You have supernaturally acute eyesight. (SInv)
You are afflicted with vampirism and can become a bat while bloodless.


Message History

You kill the orc!
Things that are here:
a +0 hand axe; an orc corpse A wyvern skeleton comes into view.
The wyvern skeleton barely misses you. The wyvern skeleton bites you.
You hit the wyvern skeleton.
The wyvern skeleton is lightly damaged.
The wyvern skeleton bites you.
You barely miss the wyvern skeleton.
The wyvern skeleton is lightly damaged.
The wyvern skeleton bites you.
You hit the wyvern skeleton. You bite the wyvern skeleton.
The wyvern skeleton is moderately damaged.
The wyvern skeleton bites you.
You hit the wyvern skeleton.
The wyvern skeleton is heavily damaged.
The wyvern skeleton barely misses you.
You hit the wyvern skeleton.
The wyvern skeleton is heavily damaged.
You hit the wyvern skeleton.
The wyvern skeleton is severely damaged.
The wyvern skeleton bites you.
You completely miss the wyvern skeleton.
The wyvern skeleton is severely damaged.
The wyvern skeleton bites you!
You hit the wyvern skeleton.
The wyvern skeleton is severely damaged.
The wyvern skeleton bites you but does no damage.
You hit the wyvern skeleton but do no damage.
The wyvern skeleton is severely damaged.
The wyvern skeleton bites you.
You hit the wyvern skeleton.
The wyvern skeleton is almost destroyed.
The wyvern skeleton bites you!
* * * LOW HITPOINT WARNING * * *
You barely miss the wyvern skeleton.
The wyvern skeleton is almost destroyed.
The wyvern skeleton bites you!
You die...

#... ##..### .....#
#..... # ..#.# #
#.#.# #
#.##.#.######.# #
#...@..)......# #
####Z##.###########
# #.##.###.......#
# #.##........##.#
#
#.##..##....##.###
#.................
########
####..........####
..##...##########
##.#.......# #
#...............#
#.......### #


You could see a wyvern skeleton.

Vanquished Creatures
  A centaur (D:5)
  A water moccasin zombie (D:5)
  A water moccasin skeleton (D:5)
  A bullfrog zombie (D:5)
  A hound (D:4)
  2 iguanas (D:5)
  An adder (D:2)
  A worm (D:5)
  2 dart slugs (D:3)
  An orc (D:5)
  5 bats
  3 endoplasms
  3 giant cockroaches (D:3)
  A goblin (D:3)
  3 hobgoblins
  3 kobolds
  A quokka (D:4)
  A ball python (D:4)
  A frilled lizard (D:1)
  A rat (D:1)
34 creatures vanquished.

Vanquished Creatures (others)
  2 withered plants (D:1)
2 creatures vanquished.

Grand Total: 36 creatures vanquished

Notes
Turn   | Place    | Note
-------+----------+-------------------------------------------
     0 | D:1      | Mickster the Vampire Monk began the quest for the Orb.
     0 | D:1      | Reached XP level 1. HP: 17/17 MP: 1/1
    50 | D:1      | Found a faded altar of an unknown god.
   158 | D:1      | You fall into a shaft and drop 1 floor!
   218 | D:2      | Reached XP level 2. HP: 23/23 MP: 2/2
   447 | D:3      | Found an opulent altar of Gozag.
   611 | D:3      | Gained mutation: You are afflicted with vampirism and can
                  | become a bat while bloodless. [Vampire growth]
   611 | D:3      | Reached XP level 3. HP: 25/29 MP: 3/3
   635 | D:3      | Found Sehaxyol's Weapon Emporium.
   654 | D:3      | Bought 25 arrows for 70 gold pieces
  1480 | D:4      | Reached skill level 4 in Short Blades
  1480 | D:4      | Reached XP level 4. HP: 35/35 MP: 4/4
  1669 | D:5      | Entered Level 5 of the Dungeon
  1705 | D:5      | Noticed a centaur
  1728 | D:5      | Killed a centaur
  1729 | D:5      | Reached skill level 1 in Armour
  1729 | D:5      | Reached XP level 5. HP: 12/41 MP: 5/5
  2168 | D:5      | Reached skill level 5 in Short Blades
  2168 | D:5      | Reached XP level 6. HP: 30/47 MP: 6/6
  2225 | D:5      | Found an ancient bone altar of Kikubaaqudgha.
  2712 | D:5      | Slain by a wyvern skeleton

Illustrated notes

Levels and vault maps discovered:
D:1:      minmay_arrival_checkered_box, layout_basic,
          ebering_ecumenical_altar_petrified
D:2:      layout_basic
D:3:      layout_basic, mainiacjoe_overflow_small_starburst, serial_shops, shop
D:4:      layout_cave_pods, skrybe_limestone_x
D:5:      layout_loops_cross, nicolae_overflow_quartered_altars

Skill      XL: |  1  2  3  4  5 |
---------------+----------------+-----
Fighting       | 3 |  3.6
Short Blades   | 4 5 |  5.2
Dodging        | 4 |  4.2
Armour         | 1 2 |  2.3
Stealth        | 4 |  4.2
Throwing       | |  0.4

Action                   |  1- 3 |  4- 6 || total
-------------------------+-------+-------++-------
Melee: Short sword       |    68 |    67 ||   135
       Bite              |     5 |    18 ||    23
       Punch             |       |     3 ||     3
       Dagger            |       |    50 ||    50
Throw: Stone             |     2 |       ||     2
       Dart              |     3 |     2 ||     5
       Boomerang         |       |     1 ||     1
  Use: Scroll            |     3 |       ||     3
       Potion            |     2 |     3 ||     5
 Stab: Sleeping          |     2 |       ||     2
Armor: Robe              |     9 |       ||     9
       Leather armour    |     7 |       ||     7
       Chain mail        |    17 |    49 ||    66
Dodge: Dodged            |    42 |    39 ||    81
